 Dungeon Sprint DCSS version 0.31.0-11-ge490571c62 (webtiles) character file.

Game seed: 18037046553373709461

2369 DiggyJ the Severer (level 9, -7/145 HPs)
             Began as a Hill Orc Berserker on Feb 3, 2024.
             Was an Elder of Trog.
             Mangled by a demonic crawler (10 damage)
             ... in the Dungeon (Sprint I: "Red Sonja").
             The game lasted 00:04:24 (910 turns).

DiggyJ the Severer (Hill Orc Berserker)              Turns: 910, Time: 00:04:24

Health: -7/145     AC:  3    Str: 24    XL:     9   Next: 44%
Magic:  18/18      EV: 14    Int:  7    God:    Trog [****..]
Gold:   528        SH:  0    Dex: 10    Spells: 8/8 levels left

rFire   . . .        a - +0 hand axe
rCold   + . .        (no shield)
rNeg    . . .        j - +2 robe {rC+}
rPois   .            (no helmet)
rElec   .            (no cloak)
rCorr   .            (no gloves)
SInv    .            (no boots)
Will    .....        (no amulet) Stlth
                     k - ring of magical power
HPRegen 0.44/turn    (no ring)
MPRegen 0.16/turn

%: no teleportation
@: berserking, very quick
A: deformed body
a: Renounce Religion, Berserk, Trog's Hand, Brothers in Arms


You were in the Dungeon.
You worshipped Trog.
Trog was greatly pleased with you.
You visited 1 branch You collected 648 gold pieces.
You spent 120 gold pieces at shops.

Inventory:

Hand Weapons
 a - a +0 hand axe (weapon)
Armour
 b - a +0 animal skin
 j - a +2 robe of cold resistance (worn)
Jewellery
 k - a ring of magical power (left hand)
Wands
 i - a wand of flame (14)
 l - a wand of paralysis (4)
Scrolls
 h - a scroll of blinking
Potions
 c - a potion of curing
 d - a potion of heal wounds
 e - a potion of haste
 f - 2 potions of magic
 g - a potion of berserk rage
 m - 3 potions of enlightenment {unknown}


   Skills:
 + Level 15.2 Fighting
 + Level 17.7 Axes
 + Level 6.8 Armour
 + Level 6.9 Dodging
 + Level 1.7 Stealth


You had 8 spell levels left.
You didn't know any spells.
Your spell library was empty.

Dungeon Overview and Level Annotations

Branches:
Dungeon (1/1)

Altars:
Cheibriados
Dithmenos
Elyvilon
Fedhas
Gozag
Hepliaklqana
Kikubaaqudgha
Makhleb
Nemelex Xobeh
Okawaru
Qazlal
Ru
Sif Muna
Trog
Uskayaw
Vehumet
Wu Jian
Xom
Yredelemnul
Zin
The Shining One
Jiyva
Lugonu

Shops:
D (*[


Innate Abilities, Weirdness & Mutations

Armour fits poorly on your strangely shaped body.


Message History

You hit the demonic crawler. The demonic crawler hits you!!
The demonic crawler closely misses you. x2; The demonic crawler hits you.
The demonic crawler barely misses you. The demonic crawler closely misses you.
You slash the demonic crawler!
The demonic crawler is heavily wounded.
You hit the demonic crawler. You slash the demonic crawler!
The demonic crawler is heavily wounded.
You hit the demonic crawler but do no damage.
The demonic crawler hits you. x2
The demonic crawler hits you but does no damage.
The demonic crawler hits you! The demonic crawler barely misses you.
The demonic crawler closely misses you.
You barely miss the demonic crawler.
The demonic crawler is heavily wounded.
You hit the demonic crawler.
Unknown command.
You slash the demonic crawler!
The demonic crawler is heavily wounded.
You hit the demonic crawler. The demonic crawler hits you.
* * * LOW HITPOINT WARNING * * *
The demonic crawler barely misses you. The demonic crawler hits you!
* * * LOW HITPOINT WARNING * * *
The demonic crawler barely misses you. The demonic crawler hits you!
* * * LOW HITPOINT WARNING * * *
The demonic crawler hits you.
* * * LOW HITPOINT WARNING * * *
You hit the demonic crawler but do no damage.
The demonic crawler is heavily wounded.
You hit the demonic crawler. You hit the demonic crawler.
The demonic crawler is heavily wounded.
You hit the demonic crawler but do no damage.
The demonic crawler closely misses you. x2; The demonic crawler misses you.
The demonic crawler hits you!
* * * LOW HITPOINT WARNING * * *
The demonic crawler hits you.
* * * LOW HITPOINT WARNING * * *
The demonic crawler hits you!
You die...

##################
.#..'..#__#..'...#
.').#..'..'..#))s##+#
'#####'#__####..@ss.#
.#...#(####§/#####s.+
##..##(#§~~.c ##
_##'#_.+~§§.
..'..._#§§§
_##_.#'##+###
_###)#.#....###
####.####'###.##
..'...'.....'.∩#


You could see 4 demonic crawlers.

Vanquished Creatures
  Sonja (D)
  A deep troll (D)
  2 kobold demonologists (D)
  A glass eye (D)
  Sigmund (D)
  A slime creature (D)
  A yak (D)
  An ogre (D)
  A jelly (D)
  Ijyb (D)
11 creatures vanquished.

Notes
Turn   | Place    | Note
-------+----------+-------------------------------------------
     0 | D        | DiggyJ the Hill Orc Berserker began the quest for the Orb.
     0 | D        | Reached XP level 1. HP: 19/19 MP: 1/1
     2 | D        | Noticed Ijyb
    14 | D        | Killed Ijyb
    15 | D        | Reached skill level 5 in Fighting
    15 | D        | Reached skill level 6 in Axes
    15 | D        | Reached XP level 2. HP: 18/29 MP: 2/2
    15 | D        | Reached XP level 3. HP: 23/36 MP: 3/3
    89 | D        | Noticed an ogre
    93 | D        | Killed an ogre
    94 | D        | Reached skill level 8 in Axes
    94 | D        | Reached XP level 4. HP: 42/48 MP: 4/4
   169 | D        | Noticed Sigmund
   177 | D        | Killed Sigmund
   177 | D        | Reached ** piety under Trog
   178 | D        | Reached skill level 11 in Axes
   178 | D        | Reached XP level 5. HP: 58/58 MP: 5/5
   178 | D        | Reached XP level 6. HP: 66/66 MP: 6/6
   213 | D        | Found an ornate altar of the Wu Jian Council.
   213 | D        | Found a shimmering blue altar of Sif Muna.
   215 | D        | Found a radiant altar of Vehumet.
   224 | D        | Reached skill level 10 in Fighting
   247 | D        | Found Werafod's Assorted Antiques.
   247 | D        | Found an ancient bone altar of Kikubaaqudgha.
   247 | D        | Found a hazy altar of Hepliaklqana.
   247 | D        | Found a stormy altar of Qazlal.
   247 | D        | Found a hide-covered altar of Uskayaw.
   247 | D        | Found a blossoming altar of Fedhas.
   247 | D        | Found a bloodstained altar of Trog.
   247 | D        | Found an iron altar of Okawaru.
   247 | D        | Found a basalt altar of Yredelemnul.
   247 | D        | Found a glowing golden altar of the Shining One.
   247 | D        | Found a snail-covered altar of Cheibriados.
   247 | D        | Found a sacrificial altar of Ru.
   247 | D        | Found a glowing silver altar of Zin.
   247 | D        | Found a shadowy altar of Dithmenos.
   247 | D        | Found a white marble altar of Elyvilon.
   247 | D        | Noticed a yak
   258 | D        | Killed a yak
   259 | D        | Reached skill level 12 in Axes
   259 | D        | Reached skill level 5 in Armour
   259 | D        | Reached XP level 7. HP: 40/74 MP: 7/7
   259 | D        | Found an opulent altar of Gozag.
   260 | D        | Found a sparkling altar of Nemelex Xobeh.
   264 | D        | Bought a knobbly peridot ring for 120 gold pieces
   304 | D        | Found a burning altar of Makhleb.
   304 | D        | Found a viscous altar of Jiyva.
   304 | D        | Found a shimmering altar of Xom.
   304 | D        | Found a corrupted altar of Lugonu.
   304 | D        | Noticed a slime creature
   311 | D        | Killed a slime creature
   312 | D        | Reached skill level 13 in Axes
   353 | D        | Noticed Sonja
   362 | D        | Killed Sonja
   362 | D        | Reached *** piety under Trog
   363 | D        | Reached skill level 15 in Axes
   363 | D        | Reached skill level 5 in Dodging
   363 | D        | Reached skill level 1 in Stealth
   363 | D        | Reached XP level 8. HP: 55/86 MP: 8/8
   563 | D        | Noticed a kobold demonologist
   563 | D        | Noticed a glass eye
   573 | D        | Noticed a kobold demonologist
   575 | D        | Noticed a rust devil
   582 | D        | Killed a glass eye
   584 | D        | Killed a kobold demonologist
   585 | D        | Reached skill level 16 in Axes
   596 | D        | Gained mutation: Armour fits poorly on your strangely
                  | shaped body. [a neqoxec]
   599 | D        | Killed a kobold demonologist
   599 | D        | Reached **** piety under Trog
   600 | D        | Reached XP level 9. HP: 35/96 MP: 9/9
   717 | D        | Found Sasaudei's Antique Weapon Boutique.
   737 | D        | Noticed a deep troll
   749 | D        | Killed a deep troll
   750 | D        | Reached skill level 15 in Fighting
   750 | D        | Reached skill level 17 in Axes
   814 | D        | Found Iloime Urot's Armour Emporium.
   860 | D        | Noticed a centaur warrior
   896 | D        | Noticed a demonic crawler
   896 | D        | Noticed a demonic crawler
   896 | D        | Noticed a demonic crawler
   896 | D        | Noticed a demonic crawler
   910 | D        | HP: 3/145 [demonic crawler (5)]
   910 | D        | Mangled by a demonic crawler

Illustrated notes

Levels and vault maps discovered:
D:        dungeon_sprint_1 [red_sonja_temple_1, red_sonja_temple_small_1]

Skill      XL: |  1  2  3  4  5  6  7  8  9 |
---------------+----------------------------+-----
Fighting       | 5 7 9 11 13 14 15 | 15.2
Axes           | 6 8 11 12 15 16 17 | 17.7
Dodging        | 2 3 4 5 6 |  6.9
Armour         | 3 4 5 6 |  6.8
Stealth        | 1 |  1.7

Action                     |  1- 3 |  4- 6 |  7- 9 || total
---------------------------+-------+-------+-------++-------
  Melee: Hand axe          |    12 |    22 |    68 ||   102
 Invoke: Berserk           |     2 |     1 |     5 ||     8
    Use: Scroll            |       |       |     1 ||     1
 Armour: Animal skin       |     5 |     1 |       ||     6
         Robe              |       |     7 |    70 ||    77
  Dodge: Dodged            |     4 |     4 |    53 ||    61
